 Dungeon Crawl Stone Soup version 0.28-a0-20-gdd470a43dd (webtiles) character file.

Game seed: 12377705886032020397

777 HAL9000 the Transmogrifier (level 7, 52/52 HPs)
             Began as a Black Draconian Transmuter on July 26, 2021.
             Was a Follower of Zin (penitent).
             Quit the game on level 5 of the Dungeon.
             The game lasted 00:10:14 (4162 turns).

HAL9000 the Transmogrifier (DrTm)                   Turns: 4162, Time: 00:10:15

Health: 52/52      AC:  8    Str: 14    XL:     7   Next: 54%
Magic:  10/10      EV: 12    Int: 14    God:    Zin [*]
Gold:   189        SH:  0    Dex: 17    Spells: 4/10 levels left

rFire   . . .      SeeInvis .     - Unarmed
rCold   . . .      Faith    .   (no shield)
rNeg    . . .      Spirit   .   (armour unavailable)
rPois   .          Reflect  .   (helmet currently unavailable)
rElec   +          Harm     .   p - +1 cloak
rCorr   .          Rampage  .   (no gloves)
Will    .....                   (boots currently unavailable)
Stlth   ++........              h - amulet of regeneration
HPRegen 1.17/turn               l - +6 ring of dexterity
MPRegen 0.12/turn               (no ring)

@: appendages (expiring)
A: horns 2, talons 2, breathe lightning, AC +6, unfitting armour, electricity
resistance, cold-blooded
a: Breathe Lightning, End Transformation, Renounce Religion, Donate Gold


You were on level 5 of the Dungeon.
You worshipped Zin.
Zin was demanding penance.
You had temporarily grown beastly horns and talons.
You visited 2 branches of the dungeon, and saw 6 of its levels.

You collected 210 gold pieces.
You donated 21 gold pieces to Zin.

Inventory:

Missiles
 a - 11 poisoned darts (quivered)
 i - 11 javelins
 u - 4 curare-tipped darts
 x - 5 boomerangs
Armour
 p - a +1 cloak (worn)
Jewellery
 h - an amulet of regeneration (around neck)
 l - a +6 ring of dexterity (left hand)
 o - an amulet of faith
Wands
 d - a wand of mindburst (10)
Scrolls
 c - a scroll of enchant armour {unknown}
 g - a scroll of noise {unknown}
 n - a scroll of blinking {unknown}
 r - a scroll of fear {unknown}
 t - 2 scrolls of brand weapon {unknown}
 y - a scroll of vulnerability {unknown}
 z - a scroll of teleportation {unknown}
Potions
 b - a potion of cancellation {unknown}
 f - a potion of ambrosia
 j - 2 potions of haste
 k - 5 potions of curing {unknown}
 q - a potion of magic {unknown}
 s - a potion of attraction {unknown}
 v - a potion of might {unknown}
 w - a potion of flight {unknown}


   Skills:
 + Level 1.6 Fighting
 - Level 1.7 Dodging
 + Level 4.3 Unarmed Combat
 - Level 2.1 Spellcasting
 - Level 8.0 Transmutations


You had 4 spell levels left.
You knew the following spells:

 Your Spells              Type           Power      Damage    Failure   Level
a - Beastly Appendage     Tmut           46%        N/A       1%          1
b - Wereblood             Tmut           23%        N/A       1%          2
c - Spider Form           Tmut/Pois      6%         N/A       14%         3

Your spell library contained the following spells:

 Spells                   Type           Power      Damage    Failure   Level
 Freeze                   Ice            4%         1d3       24%         1
 Ice Form                 Ice/Tmut       12%        N/A       41%         4
 Frozen Ramparts          Ice            2%         1d2       56%         3
 Hailstorm                Conj/Ice       1%         3d3       93%         4
 Iskenderun's Battlesphe  Conj           1%         2d6       100%        5
 Iron Shot                Conj/Erth      0%         9d1       100%        6
 Spellforged Servitor     Conj/Summ      0%         N/A       100%        7


Dungeon Overview and Level Annotations

Branches:
Dungeon (5/15)             Temple (1/1) D:5

Altars:
Ashenzari
Cheibriados
Dithmenos
Elyvilon
Fedhas
Gozag
Hepliaklqana
Kikubaaqudgha
Makhleb
Nemelex Xobeh
Okawaru
Qazlal
Ru
Sif Muna
Trog
Vehumet
Wu Jian
Xom
Yredelemnul
Zin
The Shining One


Innate Abilities, Weirdness & Mutations

You have temporarily grown beastly horns and talons.
You can breathe wild blasts of lightning.
Your glossy black scales are hard. (AC +6)
You cannot fit into any form of body armour.
You are resistant to electric shocks. (rElec)
You are cold-blooded and may be slowed by cold attacks.


Message History

The centaur zombie hits you. The centaur zombie barely misses you.
You hit the centaur zombie.
The centaur zombie is heavily damaged.
The centaur zombie hits you. The centaur zombie kicks you.
The centaur zombie hits you but does no damage.
The centaur zombie kicks you.
You hit the centaur zombie.
Your tail-slap misses the centaur zombie.
The centaur zombie is severely damaged.
The centaur zombie barely misses you. The centaur zombie closely misses you.
You hit the centaur zombie.
The centaur zombie is severely damaged.
The centaur zombie hits you but does no damage.
The centaur zombie closely misses you.
You hit the centaur zombie. You tail-slap the centaur zombie.
You destroy the centaur zombie!
Zin accepts your kill.
Unknown command.
Okay, then.
Casting: Beastly Appendage (safe; 1% risk of failure)
Confirm with . or Enter, or press ? or * to list all spells.
Okay, then.
Do you wish to donate half of your money?
Okay, then.
You have 189 gold pieces.
You have 189 gold pieces.
Unknown command.
Casting: Beastly Appendage (safe; 1% risk of failure)
Confirm with . or Enter, or press ? or * to list all spells.
Okay, then.
Unknown command.
Casting: Beastly Appendage (safe; 1% risk of failure)
Confirm with . or Enter, or press ? or * to list all spells.
Casting this spell will place you under penance.
Really cast?
You grow a pair of large bovine horns.
Your feet morph into talons.
You feel extremely guilty. "You will pay for your transgression, mortal!"
There is a stone staircase leading down here.
Your transformation is almost over.
Are you sure you want to abandon this character and quit the game? (Confirm with "yes".)

#.# ##.## .# #... .#
#..# #.# #..# ##..#
#..# #...# .#######..#
#...#
.........@#####.#.##.#
####..##.#....>......#
#.#.#..###.#.#.#### #.
#..## ##..#.# #. ##.#
#..#.# # #..## ##.##.#
#.#..###..##.#
..##.#...#....#
#.###.#####.####


There were no monsters in sight!

Vanquished Creatures
  Edmund (D:4)
  A water moccasin (D:5)
  2 ogres (D:4)
  A phantom (D:3)
  A centaur zombie (D:5)
  A bullfrog zombie (D:3)
  Crazy Yiuf (D:3)
  2 iguanas
  3 gnolls
  4 adders
  2 ufetubi
  An adder skeleton (D:4)
  3 dart slugs
  4 orcs
  5 endoplasms
  2 giant cockroaches
  7 hobgoblins
  3 quokkas
  5 ball pythons
  4 bats
  2 frilled lizards (D:1)
  8 goblins
  11 kobolds
  5 rats
79 creatures vanquished.

Vanquished Creatures (others)
  A fungus (D:3)
1 creature vanquished.

Grand Total: 80 creatures vanquished

Notes
Turn   | Place    | Note
-------+----------+-------------------------------------------
     0 | D:1      | HAL9000 the Draconian Transmuter began the quest for the
                  | Orb.
     0 | D:1      | Reached XP level 1. HP: 16/16 MP: 3/3
     2 | D:1      | Noticed a human
     2 | D:1      | Noticed a demonspawn
     4 | D:1      | Noticed a vine stalker
     4 | D:1      | Noticed an ogre
     6 | D:1      | Noticed a vampire
     6 | D:1      | Noticed a felid
     8 | D:1      | Noticed a merfolk
     8 | D:1      | Noticed a troll
    10 | D:1      | Noticed a palentonga
    12 | D:1      | Noticed a gargoyle
    12 | D:1      | Noticed an octopode
    14 | D:1      | Noticed an elf
    16 | D:1      | Noticed a barachi
    16 | D:1      | Noticed a demigod
    18 | D:1      | Noticed a dwarf
    20 | D:1      | Noticed a tengu
    20 | D:1      | Noticed a naga
    22 | D:1      | Noticed a djinni
    22 | D:1      | Noticed a spriggan
    24 | D:1      | Noticed a minotaur
    24 | D:1      | Noticed a draconian
    26 | D:1      | Noticed a ghoul
    26 | D:1      | Noticed a formicid
    60 | D:1      | Found a faded altar of an unknown god.
   360 | D:1      | Reached XP level 2. HP: 22/23 MP: 5/5
   640 | D:1      | Reached skill level 3 in Transmutations
   898 | D:1      | Learned a level 2 spell: Wereblood
  1008 | D:1      | Reached XP level 3. HP: 28/28 MP: 6/6
  1019 | D:1      | Learned a level 3 spell: Spider Form
  1955 | D:3      | Noticed a phantom
  1979 | D:3      | Reached skill level 4 in Transmutations
  1979 | D:3      | Reached XP level 4. HP: 32/35 MP: 4/7
  2087 | D:3      | Killed a phantom
  2088 | D:3      | Reached skill level 5 in Transmutations
  2088 | D:3      | Reached XP level 5. HP: 19/40 MP: 2/8
  2649 | D:3      | Found a runed translucent door.
  2650 | D:3      | Noticed Crazy Yiuf
  2670 | D:3      | Killed Crazy Yiuf
  2728 | D:4      | Noticed an ogre
  2744 | D:3      | Reached skill level 6 in Transmutations
  2873 | D:4      | Reached XP level 6. HP: 46/47 MP: 5/9
  2934 | D:4      | Noticed Edmund
  2949 | D:4      | Killed Edmund
  2950 | D:4      | Reached skill level 7 in Transmutations
  3149 | D:4      | Your scales start taking on a glossy black colour.
  3149 | D:4      | Reached XP level 7. HP: 52/52 MP: 7/10
  3149 | D:4      | Gained mutation: You are resistant to electric shocks.
                  | (rElec) [Black Draconian growth]
  3511 | D:4      | Reached skill level 8 in Transmutations
  3584 | D:5      | Entered Level 5 of the Dungeon
  3867 | D:5      | Found a staircase to the Ecumenical Temple.
  3900 | Temple   | Entered the Ecumenical Temple
  4035 | Temple   | Became a worshipper of Zin the Law-Giver
  4035 | Temple   | Reached * piety under Zin
  4154 | D:5      | Was placed under penance by Zin
  4162 | D:5      | Quit the game

Illustrated notes

Levels and vault maps discovered:
D:1:      kb_arrival_jail, layout_basic, shapermc_ecumenical_altar_gd
D:2:      layout_basic
D:3:      layout_rooms, hangedman_decor_peaks_small, minmay_stone_trees_small,
          uniq_crazy_yiuf_cottage
D:4:      layout_cave_pools, uniq_edmund
D:5:      wad_crossroads, layout_loops_ring, temple_statues,
          minmay_misc_feat_square, uniq_sigmund
Temple:   dpeg_three_leaves_temple

Skill      XL: |  1  2  3  4  5  6  7 |
---------------+----------------------+-----
Transmutations | 3 4 5 6 7 8 |  8.0
Unarmed Combat | 4 |  4.3
Fighting       | |  1.6
Dodging        | |  1.7
Spellcasting   | |  2.1

Action                   |  1- 3 |  4- 6 |  7- 9 || total
-------------------------+-------+-------+-------++-------
Melee: Unarmed           |   115 |   106 |    70 ||   291
       Tailslap          |    13 |     7 |     6 ||    26
       Kick              |     7 |     4 |    11 ||    22
       Headbutt          |     3 |     6 |     3 ||    12
       Punch             |     1 |     2 |     1 ||     4
Throw: Dart              |    16 |    20 |     6 ||    42
       Javelin           |     1 |       |       ||     1
 Cast: Beastly Appendage |    17 |     9 |     8 ||    34
       Spider Form       |     1 |     7 |     1 ||     9
Invok: Donate Gold       |       |       |     1 ||     1
 Abil: Breathe Lightning |       |       |     1 ||     1
  Use: Scroll            |       |     2 |     1 ||     3
 Stab: Sleeping          |     1 |     1 |     1 ||     3
Armor: Skin              |    41 |    11 |    36 ||    88
Dodge: Dodged            |    91 |    88 |    70 ||   249

Table legend: (Time is in decaauts)
 A = Elapsed time spent in this place.
 B = Non-inter-level travel time spent in this place.
 C = Inter-level travel time spent in this place.
 D = Time resting spent in this place.
 E = Time spent auto-exploring this place.
 F = Levels seen in this place.
 G = Mean time per level.
                   A        B        C        D        E       F      G
               +--------+--------+--------+--------+--------+-----+--------+
         Total |   4149 |   3911 |    238 |    149 |   2926 |   6 |  691.5 |
       Dungeon |   4002 |   3805 |    197 |    149 |   2862 |   5 |  800.4 |
        Temple |    147 |    106 |     41 |      0 |     64 |   1 |  147.0 |
               +--------+--------+--------+--------+--------+-----+--------+

Top non-repeatable levels by time:
     D:1: 1371 daAuts
     D:3: 954 daAuts
     D:4: 737 daAuts
     D:2: 509 daAuts
     D:5: 429 daAuts
  Temple: 147 daAuts
